 Dungeon Crawl Stone Soup version 0.27.1 (webtiles) character file.

Game seed: 5961350584136118968

123 safid the Shield-Bearer (level 5, -1/47 HPs)
             Began as a Hill Orc Fighter on Aug 30, 2021.
             Slain by Sigmund (2 damage)
             ... on level 3 of the Dungeon.
             The game lasted 00:07:04 (1869 turns).

safid the Shield-Bearer (Hill Orc Fighter)          Turns: 1869, Time: 00:07:05

Health: -1/47      AC:  7    Str: 20    XL:     5   Next: 7%
Magic:  5/5        EV:  7    Int:  8    God:
Gold:   64         SH:  9    Dex: 10    Spells: 4/4 levels left

rFire    . . .     SeeInvis .   a - +0 war axe
rCold    . . .     Faith    +   c - +0 kite shield
rNeg     . . .     Spirit   .   b - +0 scale mail
rPois    .         Reflect  .   (no helmet)
rElec    .         Harm     .   j - scarf {+Inv}
rCorr    .         Rampage  .   (no gloves)
Will     .....                  (no boots)
Stlth    ..........             k - amulet of faith
HPRegen  0.15/turn              (no ring)
MPRegen  0.09/turn              (no ring)

@: mighty, studying Throwing
A: no striking features
a: Evoke Invisibility


You were on level 3 of the Dungeon.
You visited 1 branch of the dungeon, and saw 3 of its levels.

You collected 85 gold pieces.
You spent 21 gold pieces at shops.

Inventory:

Hand Weapons
 a - a +0 war axe (weapon)
 l - a +0 hunting sling
Missiles
 h - 123 stones (quivered)
Armour
 b - a +0 scale mail (worn)
 c - a +0 kite shield (worn)
 j - a scarf of invisibility (worn)
Jewellery
 k - an amulet of faith (around neck)
Scrolls
 i - 2 scrolls of identify
Potions
 e - a potion of haste {unknown}
 f - a potion of resistance
 m - a potion of invisibility
 n - a potion of attraction {unknown}


   Skills:
 + Level 4.4 Fighting
 + Level 3.8 Axes
 + Level 4.1 Armour
 + Level 4.4 Shields


You had 4 spell levels left.
You didn't know any spells.
Your spell library contained the following spells:

 Spells                   Type           Power      Damage    Failure   Level
 Shock                    Conj/Air       0%         1d3       99%         1
 Swiftness                Air            0%         N/A       100%        3
 Airstrike                Air            0%         N/A       100%        4


Dungeon Overview and Level Annotations

Branches:
Dungeon (3/15)

Altars:
Kikubaaqudgha

Shops:
D:1 *

Annotations:
D:3 Sigmund


Message History

The human dies!
The human rises from the dead!
You see here a +0 mace.
You see here a +0 mace.
Found a whip and 11 gold pieces.
You now have 64 gold pieces (gained 11).
Sigmund the Dreaded comes into view.
He is wielding a +1 vorpal scythe.
Sigmund shouts!
You feel very mighty all of a sudden. Sigmund casts a spell at you.
The magic dart hits you!
Found a stone staircase leading down.
You block Sigmund's attack. Sigmund gestures at you while chanting.
The puff of flame hits you.
Your shield prevents you from hitting Sigmund.
Sigmund hits you but does no damage.
You slash Sigmund!
Sigmund is moderately wounded.
Sigmund casts a spell.
Sigmund flickers and vanishes!
Deactivating autopickup; reactivate with Ctrl-A.
Something hits you!
You slash something! Something hits you.
You closely miss something. You block something's attack.
You hit something.
You hear some strange, mumbled words.
A magic dart appears from out of thin air!
The magic dart hits you!
You closely miss something. Something hits you!
* * * LOW HITPOINT WARNING * * *
x2 You feel better.
You hear some strange, mumbled words.
A magic dart appears from out of thin air!
The magic dart hits you.
You barely miss something. Something hits you.
* * * LOW HITPOINT WARNING * * *
x2 Unknown command.
You miss something. Something hits you!
* * * LOW HITPOINT WARNING * * *
You die...

#########
#.......#
#.......#
#.......#
#.......# .
#.......##########
.
+.........@{....>.
#.......##########
#.......#
####+##...)...#
#......#####.##
#......# #.#
.......# #.#
.....### #.#
...(.# #.#


There were no monsters in sight!

Vanquished Creatures
  Natasha (thrice) (D:2)
  An adder (D:3)
  2 dart slugs
  5 endoplasms
  3 giant cockroaches
  4 goblins
  2 hobgoblins
  4 jackals (D:1)
  4 kobolds
  2 ball pythons (D:1)
  2 bats
  A frilled lizard (D:1)
  4 rats
37 creatures vanquished.

Vanquished Creatures (others)
  A human (D:3)
1 creature vanquished.

Grand Total: 38 creatures vanquished

Notes
Turn   | Place    | Note
-------+----------+-------------------------------------------
     0 | D:1      | safid the Hill Orc Fighter began the quest for the Orb.
     0 | D:1      | Reached XP level 1. HP: 19/19 MP: 1/1
   108 | D:1      | You fall into a shaft and drop 1 floor!
   108 | D:2      | Noticed Natasha
   118 | D:2      | Killed Natasha
   119 | D:2      | Reached XP level 2. HP: 15/27 MP: 2/2
   119 | D:2      | Reached XP level 3. HP: 18/33 MP: 3/3
   462 | D:1      | Found Taclytar's Assorted Antiques.
   473 | D:1      | Bought a scroll labelled XASCHIU PYUCOTO for 21 gold pieces
   617 | D:1      | Found a faded altar of an unknown god.
   929 | D:2      | Noticed Natasha
   938 | D:2      | Killed Natasha
   939 | D:2      | Reached XP level 4. HP: 25/40 MP: 4/4
  1220 | D:2      | Noticed Natasha
  1227 | D:2      | Killed Natasha
  1758 | D:3      | Reached XP level 5. HP: 41/47 MP: 5/5
  1815 | D:3      | Found an ancient bone altar of Kikubaaqudgha.
  1823 | D:3      | Noticed a human
  1825 | D:3      | Killed a human
  1856 | D:3      | Noticed Sigmund
  1869 | D:3      | HP: 1/47 [something (12)]
  1869 | D:3      | Slain by Sigmund

Illustrated notes

Levels and vault maps discovered:
D:1:      eino_arrival_druids_welcome, layout_loops_ring, serial_shops, shop,
          dreamdust_ecumenical_altar_grove
D:2:      layout_rooms, uniq_natasha
D:3:      layout_basic, lemuel_zombie_altar_yredelemnul, tgw_kikubaaqudgha,
          serial_shops, shop, uniq_grinder, uniq_sigmund

Skill      XL: |  1  2  3  4 |
---------------+-------------+-----
Axes           | 3 |  3.8
Shields        | 4 |  4.4
Fighting       | 4 |  4.4
Armour         | 4 |  4.1

Action                   |  1- 3 |  4- 6 || total
-------------------------+-------+-------++-------
Melee: War axe           |    70 |    60 ||   130
  Use: Scroll            |       |     3 ||     3
       Potion            |       |     2 ||     2
Armor: Scale mail        |    38 |    14 ||    52
Dodge: Dodged            |    28 |    18 ||    46
Block: Kite shield       |    34 |    27 ||    61
